 Dungeon Crawl Stone Soup version 0.32-a0-361-g289a535e89 (webtiles) character file.

Game seed: 6272385804853030359

1363 Sobieck the Slasher (level 8, -11/63 HPs)
             Began as a Coglin Gladiator on Feb 18, 2024.
             Was an Initiate of Gozag.
             Shot with an arrow by a centaur (13 damage)
             ... on level 6 of the Dungeon.
             The game lasted 00:07:09 (4669 turns).

Sobieck the Slasher (Coglin Gladiator)              Turns: 4669, Time: 00:07:09

Health: -11/63     AC:  4    Str: 15    XL:     8   Next: 64%
Magic:  8/8        EV: 15    Int:  7    God:    Gozag
Gold:   369        SH:  0    Dex: 24    Spells: 7/7 levels left

rFire   . . .        a - +0 long sword (elec) {Hugo}
rCold   . . .        f - +2 dagger (speed) {Jakob}
rNeg    . . .        b - +0 leather armour
rPois   .            c - +0 helmet
rElec   .            (no cloak)
rCorr   .            (no gloves)
SInv    .            (no boots)
Will    .....        (no amulet)
Stlth   +++          g - +6 ring of dexterity
HPRegen 0.30/turn    (no ring)
MPRegen 0.11/turn

%: no passive effects
@: mighty, gold aura, hasted, invisible, revved, very quick
A: off-hand wielding, slow wielding, warmup strikes, warmup strides
a: Renounce Religion, Potion Petition, Call Merchant, Bribe Branch


You were on level 6 of the Dungeon.
You worshipped Gozag.
Gozag was aware of your devotion.
You visited 1 branch of the dungeon, and saw 6 of its levels.

You collected 575 gold pieces.
You spent 168 gold pieces at shops.
You paid 38 gold pieces to Gozag.

Inventory:

Hand Weapons
 a - a +0 long sword of electrocution (weapon) {Hugo}
 e - a +0 dagger {Kulveer}
 f - a +2 dagger of speed (worn) {Jakob}
 n - a +0 long sword {Amenemopet}
Missiles
 j - 84 stones
 k - 3 poisoned darts
 v - a javelin (quivered)
 J - 5 atropa-tipped darts
 Z - 5 throwing nets
Armour
 b - a +0 leather armour (worn)
 c - a +0 helmet (worn)
Jewellery
 g - a +6 ring of dexterity (left grasper)
 s - a ring of see invisible
Wands
 d - a wand of light (5)
 w - a wand of mindburst (12)
Scrolls
 l - 2 scrolls of noise {unknown}
 y - a scroll of teleportation {unknown}
 R - a scroll of identify
Potions
 h - 2 potions of attraction
 m - a potion of brilliance {unknown}
 o - a potion of mutation {unknown}
 p - a potion of degeneration {unknown}
 q - a potion of magic {unknown}
 r - a potion of might
 t - a potion of resistance {unknown}
 u - 2 potions of curing {unknown}
 H - a potion of haste


   Skills:
 + Level 5.6 Fighting
 + Level 5.7 Long Blades
 - Level 3.0 Throwing
 + Level 5.2 Dodging
 - Level 4.0 Stealth


You had 7 spell levels left.
You didn't know any spells.
Your spell library contained the following spells:

 Spells                   Type           Power      Damage    Failure   Level
 Magic Dart               Conj           0%         1d3       50%         1
 Blink                    Tloc           0%         N/A       65%         2
 Call Imp                 Summ           0%         N/A       65%         2
 Scorch                   Fire           0%         2d5       65%         2
 Flame Wave               Conj/Fire      0%         2d4       99%         4
 Summon Cactus Giant      Summ           0%         N/A       100%        6


Dungeon Overview and Level Annotations

Branches:
Dungeon (6/15)
 Temple: D:4-7

Altars:
Ashenzari
Dithmenos
Gozag
Trog
Wu Jian
Xom
Yredelemnul

Shops:
D:3 *

Annotations:
D:4 1 transporter, nojaa's ghost, novice KoEn


Innate Abilities, Weirdness & Mutations

You can wield a second weapon in your off-hand.
It takes a long time for you to wield or remove held weapons.
Your first few attacks do less damage.
Your first movements take longer.


Message History

You are too injured to fight recklessly!
Unknown command.
You feel much better.
The centaur shoots an arrow.
The arrow barely misses you.
Maggie hits you with a +5 scimitar of electrocution!
You feel yourself speed up.
The centaur shoots an arrow.
The arrow barely misses you.
Maggie hits you with a +5 scimitar of electrocution!
* * * LOW HITPOINT WARNING * * *
You are electrocuted!!
* * * LOW HITPOINT WARNING * * *
The centaur shoots an arrow.
The arrow closely misses you.
You feel very mighty all of a sudden.
Maggie mumbles some strange words.
Maggie attempts to bespell you!
You are mesmerised by Maggie!
Unknown command.
Unknown command.
You fade into invisibility!
The centaur shoots an arrow.
The arrow barely misses you.
The centaur shoots an arrow.
The arrow hits you!
* * * LOW HITPOINT WARNING * * *
Unknown command.
Unknown command.
You hit Maggie with your +2 dagger of speed.
Maggie is lightly wounded.
You strike the helpless Maggie from behind!
You slice Maggie with your +0 long sword of electrocution!!
Maggie hits you with a +5 scimitar of electrocution.
* * * LOW HITPOINT WARNING * * *
Unknown command.
You puncture Maggie with your +2 dagger of speed!
Maggie is heavily wounded.
You slash Maggie with your +0 long sword of electrocution!
The centaur shoots an arrow.
The arrow barely misses Maggie.
Unknown command.
You puncture Maggie with your +2 dagger of speed!
Maggie is almost dead.
You hit Maggie with your +0 long sword of electrocution.
The centaur shoots an arrow.
The arrow hits Maggie!
You are no longer entranced.
Maggie dies!
Training target 4.0 for Stealth reached!
Your Fighting skill increases to level 5!
Your Dodging skill increases to level 5!
Your Stealth skill increases to level 4!
Unknown command.
Unknown command.
The centaur shoots an arrow.
The arrow hits you!
You die...
Your body crumbles into a pile of gold.

#.# .......## #.#
..c...[. #.#
##.......### #.# #..
S..... #.# #.. ...# #.#
#.# ##.# #####.#####.#
#..# ..........#.# #.##
#
#####.###.#)####@#####.#
#..# #.#.c....$.....#
#.## #.######..........
#.# #.######..########
#.# #.........#
#.####.<######.#
####...##..# #.#
...........# #.#
######.###.# #.#


You could see a centaur (unable to see you).

Vanquished Creatures
  Sigmund (D:4)
  An ogre (D:3)
  A phantom (D:5)
  2 centaurs (D:5)
  3 orc priests (D:5)
  2 hounds
  A jelly (D:5)
  Natasha (thrice) (D:2)
  4 iguanas
  A gnoll (D:1)
  8 adders
  A white imp (D:5)
  2 ribbon worms (D:2)
  2 dart slugs (D:5)
  7 orcs
  7 ball pythons
  5 bats
  4 endoplasms
  8 giant cockroaches
  9 goblins
  4 hobgoblins
  6 jackals
  4 kobolds
  3 quokkas
  A frilled lizard (D:1)
  8 rats
98 creatures vanquished.

Vanquished Creatures (others)
  Maggie (D:6)
1 creature vanquished.

Grand Total: 99 creatures vanquished

Notes
Turn   | Place    | Note
-------+----------+-------------------------------------------
     0 | D:1      | Sobieck the Coglin Gladiator began the quest for the Orb.
     0 | D:1      | Reached XP level 1. HP: 16/16 MP: 1/1
    42 | D:1      | Found a faded altar of an unknown god.
    43 | D:1      | Noticed a great orb of eyes
    44 | D:1      | Noticed a great orb of eyes
    45 | D:1      | Noticed a golden eye
    45 | D:1      | Noticed a glass eye
   142 | D:1      | Reached XP level 2. HP: 22/22 MP: 2/2
   338 | D:1      | Reached XP level 3. HP: 23/28 MP: 3/3
   380 | D:1      | Reached skill level 3 in Dodging
   416 | D:1      | Reached skill level 1 in Stealth
   618 | D:1      | Reached XP level 4. HP: 34/34 MP: 4/4
   979 | D:2      | Noticed Natasha
   986 | D:2      | Killed Natasha
  1042 | D:2      | Noticed Natasha
  1053 | D:2      | Killed Natasha
  1054 | D:2      | Reached XP level 5. HP: 25/40 MP: 5/5
  1116 | D:2      | Noticed Natasha
  1123 | D:2      | Killed Natasha
  1770 | D:2      | Reached skill level 3 in Fighting
  2016 | D:3      | Found Biggoaxar's General Store.
  2022 | D:3      | Noticed an ogre
  2028 | D:3      | Killed an ogre
  2029 | D:3      | Reached skill level 3 in Throwing
  2029 | D:3      | Reached XP level 6. HP: 17/47 MP: 6/6
  2034 | D:3      | Bought a scroll of identify for 24 gold pieces
  2180 | D:3      | Found an opulent altar of Gozag.
  2188 | D:3      | Became a worshipper of Gozag Ym Sagoz the Greedy
  2643 | D:3      | Found a shimmering altar of Xom.
  2783 | D:4      | Found a transporter.
  2784 | D:4      | Noticed nojaa's ghost (novice KoEn)
  2871 | D:4      | Found a bloodstained altar of Trog.
  3074 | D:4      | Noticed Sigmund
  3084 | D:4      | Killed Sigmund
  3085 | D:4      | Reached XP level 7. HP: 42/53 MP: 7/7
  3390 | D:4      | Reached skill level 3 in Stealth
  3480 | D:5      | Entered Level 5 of the Dungeon
  3604 | D:5      | Found a shadowy altar of Dithmenos.
  3831 | D:5      | Found a basalt altar of Yredelemnul.
  3979 | D:5      | Reached XP level 8. HP: 44/61 MP: 8/8
  4127 | D:3      | Bought a potion of might for 48 gold pieces
  4127 | D:3      | Bought a potion of attraction for 36 gold pieces
  4127 | D:3      | Bought a potion of heal wounds for 60 gold pieces
  4508 | D:5      | Found an ornate altar of the Wu Jian Council.
  4511 | D:5      | Found a broken altar of Ashenzari.
  4660 | D:6      | Noticed Maggie
  4666 | D:6      | HP: 1/61 [Maggie/+5 scimitar of electrocution (3)]
  4668 | D:6      | Killed Maggie
  4669 | D:6      | Shot with an arrow by a centaur

Illustrated notes

Levels and vault maps discovered:
D:1:      minmay_arrival_five_plusses, layout_loops_corners, serial_bayou,
          serial_bayou_crossing, serial_bayou_pond_d, serial_bayou_pond_b,
          serial_bayou_shore_a, hellmonk_ecumenical_altar_watching_god
D:2:      layout_basic, uniq_natasha
D:3:      layout_loops_ring, mainiacjoe_overflow_small_starburst,
          regret_index_xom_buried_treasure, serial_shops,
          nicolae_shop_competitors_out_of_business
D:4:      layout_loops_ring, mainiacjoe_overflow_24_doors,
          gammafunk_ghost_mausoleum, uniq_sigmund
D:5:      layout_cave_pools, nicolae_dithmenos_the_darkroom,
          jmf_multi_god_temple2, lemuel_doored_altar
D:6:      layout_loops_ring, temple_pool_b, uniq_maggie

Skill      XL: |  1  2  3  4  5  6  7  8 |
---------------+-------------------------+-----
Throwing       | 2 3 |  3.0
Dodging        | 3 4 5 |  5.2
Stealth        | 1 2 3 4 |  4.0
Fighting       | 3 4 5 |  5.6
Long Blades    | 4 5 |  5.7

Action                     |  1- 3 |  4- 6 |  7- 9 || total
---------------------------+-------+-------+-------++-------
  Melee: Long sword        |    47 |    96 |    69 ||   212
         Dagger            |    25 |    93 |    65 ||   183
    Use: Scroll            |       |     5 |       ||     5
         Potion            |       |       |     4 ||     4
   Stab: Sleeping          |     3 |     7 |     8 ||    18
         Invisible         |       |       |     1 ||     1
 Armour: Leather armour    |    25 |    48 |    42 ||   115
  Dodge: Dodged            |    31 |    68 |    48 ||   147

Table legend: (Time is in decaauts)
 A = Elapsed time spent in this place.
 B = Non-inter-level travel time spent in this place.
 C = Inter-level travel time spent in this place.
 D = Time resting spent in this place.
 E = Time spent auto-exploring this place.
 F = Levels seen in this place.
 G = Mean time per level.
                   A        B        C        D        E       F      G
               +--------+--------+--------+--------+--------+-----+--------+
         Total |   4942 |   4612 |    330 |    439 |   3372 |   6 |  823.7 |
       Dungeon |   4942 |   4612 |    330 |    439 |   3372 |   6 |  823.7 |
               +--------+--------+--------+--------+--------+-----+--------+

Top non-repeatable levels by time:
     D:2: 1061 daAuts
     D:1: 1058 daAuts
     D:5: 969 daAuts
     D:3: 923 daAuts
     D:4: 788 daAuts
     D:6: 141 daAuts
